 Dungeon Crawl Stone Soup version 0.23.2 (webtiles) character file.

Game seed: 2061402038225879096

53 Jukra the Magician (level 3, -3/32 HPs)
             Began as a Troll Wizard on Apr 7, 2019.
             Slain by an adder (4 damage)
             ... on level 2 of the Dungeon.
             The game lasted 00:03:45 (552 turns).

Jukra the Magician (Troll Wizard)                    Turns: 552, Time: 00:03:46

Health: -3/32      AC:  6    Str: 15    XL:     3   Next: 62%
Magic:  2/5        EV: 10    Int: 15    God:
Gold:   49         SH:  0    Dex:  8    Spells: 5/6 levels left

rFire    . . .     SeeInvis .     - Unarmed
rCold    . . .     Gourm    +   (no shield)
rNeg     . . .     Faith    .   a - +0 robe
rPois    .         Spirit   .   b - +0 hat
rElec    .         Reflect  .   (no cloak)
rCorr    .         Harm     .   (gloves unavailable)
MR       .....                  (boots unavailable)
Stlth    +.........             (no amulet)
HPRegen  0.50/turn              (no ring)
MPRegen  0.09/turn              (no ring)

@: lethally poisoned (-3 -> -5)
A: large, unfitting armour, claws 3, fast metabolism 3, gourmand, regeneration
1, shaggy fur 1, tough skin 3
a: no special abilities


You were on level 2 of the Dungeon.
You were not hungry.

You visited 1 branch of the dungeon, and saw 2 of its levels.

You collected 49 gold pieces.

Inventory:

Armour
 a - a +0 robe (worn)
 b - a +0 hat (worn)
Scrolls
 c - a scroll of noise {unknown}
 f - a scroll of magic mapping {unknown}
Potions
 e - a potion of lignification {unknown}
Comestibles
 d - 3 rations


   Skills:
 * Level 0.3 Fighting
 * Level 2.0 Dodging
 + Level 1.1 Stealth
 * Level 1.0 Unarmed Combat
 * Level 2.4 Spellcasting
 * Level 1.0 Conjurations
   Level 0.6 Summonings
   Level 0.6 Translocations


You had 5 spell levels left.
You knew the following spells:

 Your Spells              Type           Power        Failure   Level  Hunger
a - Magic Dart            Conj           #...         14%         1    #......

Your spell library contained the following spells:

 Spells                   Type           Power        Failure   Level  Hunger
 Blink                    Tloc           N/A          26%         2    ###....
 Call Imp                 Summ           #.......     26%         2    ###....
 Slow                     Hex            #.......     32%         2    ###....
 Conjure Flame            Conj/Fire      #.......     45%         3    ###....
 Mephitic Cloud           Conj/Pois/Air  #.......     50%         3    ###....


Dungeon Overview and Level Annotations

Branches:
Dungeon (2/15)

Altars:


Innate Abilities, Weirdness & Mutations

You are too large for most types of armour.
You have claws for hands.
Your metabolism is lightning-fast.
You like to eat raw meat.
Your natural rate of healing is unusually fast.
You are covered in fur. (AC +1)
You have extremely tough skin. (AC +3)


Message History

* * * LOW HITPOINT WARNING * * *
The goblin hits you.
* * * LOW HITPOINT WARNING * * *
The adder barely misses you. The kobold hits you but does no damage.
The rat bites you but does no damage.
Things that are here:
a +0 club; a hobgoblin corpse The kobold hits you but does no damage.
You barely miss the kobold. Your claw misses the kobold. The adder bites you.
* * * LOW HITPOINT WARNING * * *
You are more poisoned.
The adder poisons you! The goblin barely misses you.
The kobold hits you with a +0 short sword.
* * * LOW HITPOINT WARNING * * *
The adder bites you.
* * * LOW HITPOINT WARNING * * *
You barely miss the kobold.
* * * LOW HITPOINT WARNING * * *
You feel sick. The goblin hits you but does no damage. The adder bites you.
You die...

....#.......###
................
.............#.
....#......?..
............####
##..............
.........r..#
#.$..Sg..#
###.)K@..#
####.......#
###....(.(##...(.
..$........####...
##..#.......# ##
#..#.......# ##
#.....†.#
##.>..<## #...††#


You could see an adder, a goblin, a kobold and a rat.

Vanquished Creatures
  2 adders (D:2)
  An adder skeleton (D:2)
  A leopard gecko (D:2)
  3 giant cockroaches
  6 goblins
  5 hobgoblins
  3 kobolds
  4 bats
  4 rats (D:1)
29 creatures vanquished.

Notes
Turn   | Place    | Note
-------+----------+-------------------------------------------
     0 | D:1      | Jukra the Troll Wizard began the quest for the Orb.
     0 | D:1      | Reached XP level 1. HP: 16/16 MP: 2/2
   171 | D:1      | Reached XP level 2. HP: 24/24 MP: 4/4
   449 | D:2      | Reached XP level 3. HP: 16/31 MP: 5/5
   459 | D:2      | Reached skill level 1 in Unarmed Combat
   462 | D:2      | Reached skill level 1 in Conjurations
   551 | D:2      | HP: 1/32 [adder (5)]
   552 | D:2      | Slain by an adder

Skill      XL: |  1  2  3 |
---------------+----------+-----
Unarmed Combat | 1 |  1.0
Conjurations   | 1 |  1.0
Dodging        | 2 |  2.0
Fighting       | |  0.3
Stealth        | |  1.1
Spellcasting   | |  2.4
Summonings     | |  0.6
Translocations | |  0.6

Action                   || total
-------------------------++-------
Melee: Unarmed           ||   112
 Cast: Magic Dart        ||     7
 Stab: Sleeping          ||     2
  Eat: Chunk             ||     5
Armor: Robe              ||    97
Dodge: Dodged            ||    98
